 Dungeon Crawl Stone Soup version 0.22.1-2-g9c5b331 (webtiles) character file.

388 Megacaesar the Conjurer (level 6, -14/28 HPs)
             Began as a Vine Stalker Conjurer on Aug 6, 2018.
             Demolished by a glaive of chopping (17 damage)
             ... created by the rancor of the Wu Jian Council
             ... on level 3 of the Dungeon on Dec 20, 2018.
             The game lasted 00:25:52 (3303 turns).

Megacaesar the Conjurer (Vine Stalker Conjurer)     Turns: 3303, Time: 00:25:52

Health: -14/28     AC:  5    Str: 10 (11) XL:     6   Next: 79%
Magic:  0/13       EV: 12    Int: 15 (17) God:
Gold:   103        SH:  0    Dex: 11 (14) Spells: 10/13 levels left

rFire    . . .     SeeInvis .   a - +2 dagger (drain)
rCold    . . .     Gourm    .   (no shield)
rNeg     . . .     Faith    .   b - +0 robe
rPois    .         Spirit   +   (no helmet)
rElec    .         Reflect  .   (no cloak)
rCorr    .         Harm     .   m - +2 pair of gloves
MR       .....                  (no boots)
Stlth    ++........             (no amulet)
HPRegen  0.49/turn              (no ring)
MPRegen  0.13/turn              (no ring)

@: no status effects
A: fangs 2, regeneration 1, magic shield, antimagic bite, no potion heal 3, rot
immunity
a: no special abilities


You were on level 3 of the Dungeon.
You were not hungry.

You visited 1 branch of the dungeon, and saw 3 of its levels.

You collected 103 gold pieces.

Inventory:

Hand Weapons
 a - a +2 dagger of draining (weapon)
Armour
 b - a +0 robe (worn)
 m - a +2 pair of gloves (worn)
Scrolls
 g - a scroll of fear {unknown}
 h - 5 scrolls of remove curse
 i - a scroll of enchant armour {unknown}
 j - a scroll of amnesia {unknown}
 n - a scroll of noise {unknown}
 p - a scroll of blinking {unknown}
Potions
 f - a potion of haste {unknown}
 l - a potion of degeneration
 o - a potion of lignification {unknown}
Comestibles
 c - 9 rations
 d - 4 chunks of flesh


   Skills:
 + Level 0.7 Short Blades
 + Level 2.3 Dodging
 + Level 3.1 Stealth
 + Level 0.1 Unarmed Combat
 + Level 4.4 Spellcasting
 + Level 6.0 Conjurations


You had 10 spell levels left.
You knew the following spells:

 Your Spells              Type           Power        Failure   Level  Hunger
a - Magic Dart            Conj           ###.         1%          1    None
b - Searing Ray           Conj           ###...       2%          2    ##.....

Your spell library contained the following spells:

 Spells                   Type           Power        Failure   Level  Hunger
 Iskenderun's Mystic Bla  Conj           ###.....     14%         4    ####...
 Dazzling Spray           Conj/Hex       ##....       16%         3    ###....
 Force Lance              Conj/Tloc      ##......     45%         4    ####...
 Fulminant Prism          Conj/Hex       ##........   45%         4    ####...


Dungeon Overview and Level Annotations

Branches:
Dungeon (3/15)

Altars:
Wu Jian
Xom


Innate Abilities, Weirdness & Mutations

You have extremely sharp teeth.
Your natural rate of healing is unusually fast.
When hurt, damage is shared between your health and your magic reserves.
Your bite disrupts and absorbs the magic of your enemies.
Potions cannot restore your health.
You are immune to rotting.


Message History

The searing ray hits the adder.
The adder is heavily wounded.
You feel sick. The adder barely misses you. The adder bites you.
Without enough magic to sustain it, your searing ray dissipates.
The adder bites you.
You are more poisoned.
The adder poisons you!
The glaive of chopping hits you from afar!
* * * LOW HITPOINT WARNING * * *
x2 It was a potion of degeneration.
There was something very wrong with that liquid.
You feel weakened.
You feel dopey.
You feel clumsy. The adder closely misses you.
It was a potion of cancellation.
You feel magically purged.
Your magical contamination has completely faded away.
You feel sick.
The adder bites you but does no damage. x2
It was a potion of curing.
Your system rejects the healing.
You feel better.
The glaive of chopping hits you from afar!!
Ouch! That really hurt!
You die...

.#....#.#
.....#.##
#...+..#
#...#..#
#......#####
#..#.......#
#........#.#
####.#.#.#.#
##.@S(#.#.#.#
#.####<รท..#.#
#....)..#...#
#.)########.#
#.>r...... .#
####.....S
...<.% .....
..S..


You could see a glaive of chopping and an adder.

Vanquished Creatures
  Sigmund (D:2)
  2 dancing weapons (D:3)
  Jessica (D:2)
  Natasha (twice) (D:2)
  2 gnolls (D:1)
  6 adders
  5 leopard geckos
  4 orcs (D:3)
  4 bats
  6 giant cockroaches
  8 goblins
  6 hobgoblins
  6 jackals
  8 kobolds
  A quokka (D:2)
  A ball python (D:2)
  A frilled lizard (D:2)
  6 rats
70 creatures vanquished.

Notes
Turn   | Place    | Note
-------+----------+-------------------------------------------
     0 | D:1      | Megacaesar the Vine Stalker Conjurer began the quest for
                  | the Orb.
     0 | D:1      | Reached XP level 1. HP: 9/9 MP: 4/4
     5 | D:1      | Upgraded the game from 0.22-b1-26-g9dbaab1 to
                  | 0.22.1-2-g9c5b331
   225 | D:1      | Reached XP level 2. HP: 13/13 MP: 4/6
   243 | D:1      | Learned a level 2 spell: Searing Ray
  1005 | D:1      | Reached XP level 3. HP: 16/16 MP: 4/7
  1663 | D:2      | Found a faded altar of an unknown god.
  1664 | D:2      | Gained mutation: Your natural rate of healing is unusually
                  | fast. [Vine Stalker growth]
  1664 | D:2      | Reached XP level 4. HP: 21/21 MP: 6/9
  1699 | D:2      | Reached skill level 5 in Conjurations
  1905 | D:2      | Noticed Sigmund
  1912 | D:2      | Killed Sigmund
  1912 | D:2      | Reached XP level 5. HP: 24/24 MP: 2/11
  1912 | D:2      | Reached XP level 6. HP: 28/28 MP: 2/12
  1967 | D:2      | Noticed Jessica
  1989 | D:2      | Killed Jessica
  2233 | D:2      | Reached skill level 6 in Conjurations
  2264 | D:2      | Became a worshipper of the Wu Jian Council
  2264 | D:2      | Reached * piety under Wu Jian
  2265 | D:2      | Fell from the grace of Wu Jian
  2458 | D:2      | Found a shimmering altar of Xom.
  2771 | D:2      | Noticed Natasha
  2774 | D:2      | Killed Natasha
  2819 | D:2      | Noticed Natasha
  2878 | D:2      | Killed Natasha
  3250 | D:3      | Noticed a glaive of chopping
  3250 | D:3      | Noticed a glaive of chopping
  3250 | D:3      | Noticed a dire flail of flaming
  3255 | D:3      | Killed a dire flail of flaming
  3257 | D:3      | Killed a glaive of chopping
  3303 | D:3      | Demolished by a glaive of chopping

Skill      XL: |  1  2  3  4  5  6 |
---------------+-------------------+-----
Spellcasting   | 3 4 |  4.4
Conjurations   | 5 6 |  6.0
Dodging        | 2 |  2.3
Stealth        | 3 |  3.1
Short Blades   | |  0.7
Unarmed Combat | |  0.1

Action                   |  1- 3 |  4- 6 || total
-------------------------+-------+-------++-------
Melee: Whip              |     4 |       ||     4
       Bite              |     2 |     3 ||     5
       Short sword       |     7 |       ||     7
       Unarmed           |     1 |     1 ||     2
       Dagger            |       |    27 ||    27
 Cast: Magic Dart        |    41 |    59 ||   100
       Searing Ray       |     3 |     8 ||    11
Invok: Renounce Religion |       |     1 ||     1
  Use: Scroll            |     5 |       ||     5
       Potion            |       |     3 ||     3
  Eat: Chunk             |     3 |     5 ||     8
Armor: Robe              |     7 |     9 ||    16
Dodge: Dodged            |    23 |    32 ||    55
